APP
KINGSPORT METS @ SAN FRANCISCO (APP) GIANTS
07/02/2044
 
TOP OF THE 1ST
Kingsport Mets batting - Pitching for San Francisco (APP) Giants : RHP Omar Rondon
Pitching: RHP Omar Rondon
Batting: RHB Josh Jones 0-0: Ball
1-0: Ball
2-0: Fly out, F9 (Flyball, 89D, EV 91.2 MPH)
Batting: SHB Alec Taylor 0-0: Called Strike
0-1: Called Strike
0-2: Ball
1-2: Ground out 4-3 (Groundball, 4, EV 98.1 MPH)
Batting: RHB Steve Page 0-0: Called Strike
0-1: Swinging Strike
0-2: Ball
1-2: Foul Ball, location: 2F
1-2: Foul Ball, location: 2F
1-2: Ball
2-2: Foul Ball, location: 2F
2-2: Fly out, F4 (Popup, 34, EV 76.9 MPH)
Top of the 1st over - 0 runs, 0 hits, 0 errors, 0 left on base; Kingsport 0 - San Francisco (APP) 0
BOTTOM OF THE 1ST
San Francisco (APP) Giants batting - Pitching for Kingsport Mets : RHP John Mason
Pitching: RHP John Mason
Batting: SHB David Barona 0-0: Hit by Pitch
Batting: RHB Frank Pena 0-0: Ball
1-0: Ball
2-0: Ball
3-0: Base on Balls
David Barona to second
Batting: RHB Jason Gregor 0-0: Called Strike
0-1: Called Strike
David Barona steals 3rd base
Frank Pena to second
0-2: Ball
1-2: Strikes out swinging
Batting: RHB Edwin Verdugo 0-0: Called Strike
0-1: SINGLE (Groundball, 4MD, EV 94.4 MPH)
David Barona scores
Frank Pena to third
Batting: RHB Dinand Brouwer 0-0: Ball
Edwin Verdugo is caught stealing 2nd base 2-4
1-0: Foul Ball, location: 2F
1-1: Called Strike
1-2: 2-RUN HOME RUN (Flyball, 7LD, EV 93.1 MPH), Distance : 359 ft
Batting: LHB Steve Nevis 0-0: Called Strike
0-1: Ball
1-1: Called Strike
1-2: Foul Ball, location: 2F
1-2: Foul Ball, location: 2F
1-2: Ball
2-2: TRIPLE (Flyball, 89XD, EV 110.0 MPH)
Batting: RHB Pedro Quezada 0-0: Called Strike
0-1: Called Strike
0-2: Ground out 6-3 (Groundball, 6M, EV 84.4 MPH)
Bottom of the 1st over - 3 runs, 3 hits, 0 errors, 1 left on base; Kingsport 0 - San Francisco (APP) 3
TOP OF THE 2ND
Kingsport Mets batting - Pitching for San Francisco (APP) Giants : RHP Omar Rondon
Batting: RHB Kyle Holland 0-0: Ground out 5-3 (Groundball, 56, EV 86.9 MPH)
Batting: SHB Jason Evans 0-0: Ball
1-0: Called Strike
1-1: Called Strike
1-2: Foul Ball, location: 2F
1-2: Ball
2-2: Foul Ball, location: 2F
2-2: Fly out, F9 (Flyball, 9, EV 85.0 MPH)
Batting: RHB Jerry Burch 0-0: Ball
1-0: Ball
2-0: Foul Ball, location: 2F
2-1: Called Strike
2-2: Foul Ball, location: 2F
2-2: Strikes out swinging
Top of the 2nd over - 0 runs, 0 hits, 0 errors, 0 left on base; Kingsport 0 - San Francisco (APP) 3
BOTTOM OF THE 2ND
San Francisco (APP) Giants batting - Pitching for Kingsport Mets : RHP John Mason
Batting: RHB Alexis Andrade 0-0: Foul Ball, location: 2F
0-1: Called Strike
0-2: Ball
1-2: Strikes out looking
Batting: RHB Bob Schweiger 0-0: Ball
1-0: Called Strike
1-1: Ball
2-1: Foul Ball, location: 2F
2-2: Foul Ball, location: 2F
2-2: DOUBLE (Line Drive, 8LXD, EV 106.9 MPH)
Batting: SHB David Barona 0-0: Called Strike
0-1: DOUBLE (Line Drive, 7LS, EV 110.6 MPH)
Bob Schweiger scores
Batting: RHB Frank Pena 0-0: Called Strike
0-1: Hit by Pitch
Batting: RHB Jason Gregor 0-0: Ball
1-0: Ball
2-0: Foul Ball, location: 2F
2-1: Called Strike
2-2: Ball
3-2: Hit by Pitch
David Barona to third
Frank Pena to second
Pinch Runner at 1st David Andrews:
Batting: RHB Edwin Verdugo 0-0: Called Strike
0-1: Called Strike
0-2: Strikes out swinging
Batting: RHB Dinand Brouwer 0-0: Called Strike
0-1: Called Strike
0-2: Ball
1-2: Ball
2-2: Ground out 5-3 (Groundball, 5S, EV 90.6 MPH)
Bottom of the 2nd over - 1 run, 2 hits, 0 errors, 3 left on base; Kingsport 0 - San Francisco (APP) 4
TOP OF THE 3RD
Kingsport Mets batting - Pitching for San Francisco (APP) Giants : RHP Omar Rondon
Now at 1B: David Andrews
Batting: RHB Coltin Nellis 0-0: Called Strike
0-1: Ball
1-1: Ground out 6-3 (Groundball, 6, EV 78.1 MPH)
Batting: RHB Danny Runberg 0-0: Foul Ball, location: 2F
0-1: Swinging Strike
0-2: Strikes out swinging
Batting: RHB Frank Shaw 0-0: Ball
1-0: Swinging Strike
1-1: Swinging Strike
1-2: Ball
2-2: Ball
3-2: Foul Ball, location: 2F
3-2: Base on Balls
Batting: RHB Josh Jones 0-0: Ball
1-0: Foul Ball, location: 2F
1-1: Ground out 6-3 (Groundball, 6M, EV 95.0 MPH)
Top of the 3rd over - 0 runs, 0 hits, 0 errors, 1 left on base; Kingsport 0 - San Francisco (APP) 4
BOTTOM OF THE 3RD
San Francisco (APP) Giants batting - Pitching for Kingsport Mets : RHP John Mason
Batting: LHB Steve Nevis 0-0: Foul Ball, location: 2F
0-1: Ball
1-1: Ground out 4-3 (Groundball, 4S, EV 81.2 MPH)
Batting: RHB Pedro Quezada 0-0: Foul Ball, location: 2F
0-1: Ball
1-1: Foul Ball, location: 2F
1-2: Strikes out swinging
Batting: RHB Alexis Andrade 0-0: Foul Ball, location: 2F
0-1: SINGLE (Line Drive, 56D, EV 98.1 MPH)
Batting: RHB Bob Schweiger 0-0: Called Strike
0-1: Swinging Strike
0-2: 2-RUN HOME RUN (Flyball, 7LD, EV 93.8 MPH), Distance : 355 ft
Pitching: RHP Marvin Merino
Batting: SHB David Barona 0-0: Ball
1-0: DOUBLE (Line Drive, 9LS, EV 105.0 MPH)
Batting: RHB Frank Pena 0-0: Ball
1-0: Swinging Strike
1-1: Ground out 5-3 (Groundball, 56, EV 86.2 MPH)
Bottom of the 3rd over - 2 runs, 3 hits, 0 errors, 1 left on base; Kingsport 0 - San Francisco (APP) 6
TOP OF THE 4TH
Kingsport Mets batting - Pitching for San Francisco (APP) Giants : RHP Omar Rondon
Batting: SHB Alec Taylor 0-0: Called Strike
0-1: Ball
1-1: Foul Ball, location: 2F
1-2: Foul Ball, location: 2F
1-2: Foul Ball, location: 2F
1-2: Ball
2-2: Ground out 3-1 (Groundball, 34, EV 103.1 MPH)
Batting: RHB Steve Page 0-0: Ball
1-0: Ball
2-0: Ground out 6-3 (Groundball, 6, EV 85.0 MPH)
Batting: RHB Kyle Holland 0-0: Ball
1-0: Called Strike
1-1: Swinging Strike
1-2: SOLO HOME RUN (Flyball, 7D, EV 98.1 MPH), Distance : 395 ft
Batting: SHB Jason Evans 0-0: Called Strike
0-1: Foul Ball, location: 2F
0-2: Strikes out swinging, 2-3 out at first.
Top of the 4th over - 1 run, 1 hit, 0 errors, 0 left on base; Kingsport 1 - San Francisco (APP) 6
BOTTOM OF THE 4TH
San Francisco (APP) Giants batting - Pitching for Kingsport Mets : RHP Marvin Merino
Batting: RHB David Andrews 0-0: Ball
1-0: SINGLE (Groundball, 6MD, EV 96.2 MPH)
Batting: RHB Edwin Verdugo 0-0: SINGLE (Line Drive, 56, EV 108.1 MPH)
David Andrews to second
Batting: RHB Dinand Brouwer 0-0: Called Strike
0-1: Ball
1-1: Ball
2-1: Fly out, F9 (Flyball, 9, EV 93.1 MPH)
Batting: LHB Steve Nevis 0-0: Ball
1-0: Fielders Choice at 2nd, 4-6 (Groundball, 4, EV 103.8 MPH)
David Andrews to third
Batting: RHB Pedro Quezada 0-0: Called Strike
0-1: Foul Ball, location: 2F
0-2: Foul Ball, location: 2F
0-2: Strikes out swinging
Bottom of the 4th over - 0 runs, 2 hits, 0 errors, 2 left on base; Kingsport 1 - San Francisco (APP) 6
TOP OF THE 5TH
Kingsport Mets batting - Pitching for San Francisco (APP) Giants : RHP Omar Rondon
Batting: RHB Jerry Burch 0-0: SINGLE (Groundball, 56D, EV 100.6 MPH)
Batting: RHB Coltin Nellis 0-0: Ball
1-0: Called Strike
1-1: Ball
2-1: Fielders Choice at 2nd, 6-4 (Groundball, 56, EV 100.6 MPH)
Batting: RHB Danny Runberg 0-0: Ground out 4-3 (Groundball, 4S, EV 70.0 MPH)
Coltin Nellis to second
Batting: RHB Frank Shaw 0-0: Ball
1-0: SINGLE (Groundball, 4MD, EV 101.9 MPH)
Coltin Nellis to third
Batting: RHB Josh Jones 0-0: Called Strike
0-1: Ball
1-1: Ball
Wild Pitch!
Coltin Nellis scores
Frank Shaw to second
2-1: SINGLE (Line Drive, 89S, EV 112.5 MPH)
Frank Shaw to third
Batting: SHB Alec Taylor 0-0: Ground out 3-1 (Groundball, 34S, EV 83.8 MPH)
Top of the 5th over - 1 run, 3 hits, 0 errors, 2 left on base; Kingsport 2 - San Francisco (APP) 6
BOTTOM OF THE 5TH
San Francisco (APP) Giants batting - Pitching for Kingsport Mets : RHP Marvin Merino
Batting: RHB Alexis Andrade 0-0: Ball
1-0: Ball
2-0: Ball
3-0: Called Strike
3-1: Called Strike
3-2: Foul Ball, location: 2F
3-2: Base on Balls
Pitching: LHP Mike Mathews
Batting: RHB Bob Schweiger 0-0: Called Strike
0-1: Called Strike
0-2: Ball
1-2: Strikes out looking
Batting: SHB David Barona 0-0: Ball
1-0: Swinging Strike
1-1: Ball
2-1: Foul Ball, location: 2F
2-2: Ball
3-2: Base on Balls
Alexis Andrade to second
Batting: RHB Frank Pena 0-0: Foul Ball, location: 2F
0-1: Swinging Strike
0-2: Strikes out looking
Batting: RHB David Andrews 0-0: Ball
1-0: Called Strike
1-1: SINGLE (Groundball, 56D, EV 105.0 MPH)
Alexis Andrade to third
David Barona to second
Throwing error, E7
Alexis Andrade scores
David Barona to third
David Andrews to second
Batting: RHB Edwin Verdugo 0-0: Ground out 6-3 (Groundball, 6, EV 83.8 MPH)
Bottom of the 5th over - 1 run, 1 hit, 1 error, 2 left on base; Kingsport 2 - San Francisco (APP) 7
TOP OF THE 6TH
Kingsport Mets batting - Pitching for San Francisco (APP) Giants : RHP Omar Rondon
Batting: RHB Steve Page 0-0: Foul Ball, location: 2F
0-1: Ball
1-1: Called Strike
1-2: Foul Ball, location: 2F
1-2: Strikes out looking
Pitching: RHP Corey Cauley
Batting: RHB Kyle Holland 0-0: Called Strike
0-1: Ball
1-1: Ball
2-1: Ball
3-1: Base on Balls
Batting: SHB Jason Evans 0-0: Fly out, F7 (Flyball, 7LD, EV 91.2 MPH)
Batting: RHB Jerry Burch 0-0: Ball
1-0: DOUBLE (Line Drive, 9LS, EV 95.0 MPH)
Kyle Holland to third
Batting: RHB Coltin Nellis 0-0: Fly out, F4 (Popup, 13S, EV 76.9 MPH)
Top of the 6th over - 0 runs, 1 hit, 0 errors, 2 left on base; Kingsport 2 - San Francisco (APP) 7
BOTTOM OF THE 6TH
San Francisco (APP) Giants batting - Pitching for Kingsport Mets : LHP Mike Mathews
Batting: RHB Dinand Brouwer 0-0: Ball
1-0: Ball
2-0: Called Strike
2-1: SOLO HOME RUN (Flyball, 89XD, EV 103.1 MPH), Distance : 421 ft
Batting: LHB Steve Nevis 0-0: Ball
1-0: Foul Ball, location: 2F
1-1: Swinging Strike
1-2: Strikes out swinging
Batting: RHB Pedro Quezada 0-0: Foul Ball, location: 2F
0-1: Ground out 6-3 (Groundball, 4MS, EV 69.4 MPH)
Batting: RHB Alexis Andrade 0-0: Ball
1-0: Ball
2-0: Ball
3-0: Called Strike
3-1: DOUBLE (Groundball, 5L, EV 100.6 MPH)
Batting: RHB Bob Schweiger 0-0: Ball
1-0: Ball
2-0: Ball
3-0: Called Strike
3-1: SINGLE (Flyball, 89S, EV 84.4 MPH)
Alexis Andrade to third
Runner from 3rd tries for Home, throw by CF and OUT! 8-2
Bottom of the 6th over - 1 run, 3 hits, 0 errors, 1 left on base; Kingsport 2 - San Francisco (APP) 8
TOP OF THE 7TH
Kingsport Mets batting - Pitching for San Francisco (APP) Giants : RHP Corey Cauley
Batting: RHB Danny Runberg 0-0: Foul Ball, location: 2F
0-1: Ball
1-1: SINGLE (Line Drive, 89S, EV 89.4 MPH)
Batting: RHB Frank Shaw 0-0: Called Strike
0-1: Called Strike
0-2: Ball
Passed Ball!
Danny Runberg to second
1-2: Ground out 6-3 (Groundball, 6, EV 103.1 MPH)
Batting: RHB Josh Jones 0-0: Swinging Strike
0-1: Foul Ball, location: 2F
0-2: Ball
1-2: Foul Ball, location: 2F
1-2: Ball
2-2: Foul Ball, location: 2F
2-2: Foul Ball, location: 2F
2-2: Strikes out swinging
Batting: SHB Alec Taylor 0-0: Called Strike
0-1: Ground out 6-3 (Groundball, 6, EV 83.1 MPH)
Top of the 7th over - 0 runs, 1 hit, 0 errors, 1 left on base; Kingsport 2 - San Francisco (APP) 8
BOTTOM OF THE 7TH
San Francisco (APP) Giants batting - Pitching for Kingsport Mets : LHP Mike Mathews
Pitching: LHP Tony Diaz
Batting: SHB David Barona 0-0: Called Strike
0-1: Ball
1-1: Ball
2-1: Called Strike
2-2: Foul Ball, location: 2F
2-2: Ball
3-2: Foul Ball, location: 2F
3-2: Foul Ball, location: 2F
3-2: Strikes out looking
Batting: RHB Frank Pena 0-0: Ground out 5-3 (Groundball, 56S, EV 83.8 MPH)
Batting: RHB David Andrews 0-0: Ball
1-0: Ball
2-0: Ball
3-0: Base on Balls
Batting: RHB Edwin Verdugo 0-0: Swinging Strike
0-1: Ball
1-1: Ball
2-1: Foul Ball, location: 2F
2-2: Strikes out swinging
Bottom of the 7th over - 0 runs, 0 hits, 0 errors, 1 left on base; Kingsport 2 - San Francisco (APP) 8
TOP OF THE 8TH
Kingsport Mets batting - Pitching for San Francisco (APP) Giants : RHP Corey Cauley
Batting: RHB Steve Page 0-0: Foul Ball, location: 2F
0-1: Foul Ball, location: 2F
0-2: SOLO HOME RUN (Flyball, 89XD, EV 113.1 MPH), Distance : 423 ft
Batting: RHB Kyle Holland 0-0: Called Strike
0-1: Fly out, F8 (Flyball, 8LXD, EV 103.1 MPH)
Batting: SHB Jason Evans 0-0: Ball
1-0: SINGLE (Groundball, 4D, EV 105.6 MPH)
Pitching: LHP Mark Gregor
Batting: RHB Jerry Burch 0-0: Called Strike
0-1: Foul Ball, location: 2F
0-2: Foul Ball, location: 2F
0-2: Ball
1-2: Hit by Pitch
Jason Evans to second
Batting: RHB Coltin Nellis 0-0: Foul Ball, location: 2F
0-1: SINGLE (Flyball, 4D, EV 83.8 MPH)
Jason Evans to third
Jerry Burch to second
Batting: RHB Danny Runberg 0-0: Ball
1-0: SINGLE (Groundball, 5D, EV 107.5 MPH)
Jason Evans scores
Jerry Burch to third
Coltin Nellis to second
Runner from 3rd tries for Home, SAFE, throw by LF to home
Batting: RHB Frank Shaw 0-0: Ball
1-0: Ball
2-0: SINGLE (Line Drive, 78S, EV 106.2 MPH)
Coltin Nellis to third
Danny Runberg to second
Runner from 3rd tries for Home, SAFE, throw by LF to home
Batting: RHB Josh Jones 0-0: SINGLE (Groundball, 6MD, EV 95.6 MPH)
Danny Runberg to third
Frank Shaw to second
Runner from 3rd tries for Home, SAFE, throw by CF to home
Pitching: LHP Gil Longoria
Batting: SHB Alec Taylor 0-0: Ball
1-0: Ball
2-0: Bunted foul
2-1: Sac Bunt to 13 - play at first, batter OUT! 1-4
Frank Shaw to third
Josh Jones to second
Batting: RHB Steve Page 0-0: Ball
1-0: Ball
2-0: Called Strike
2-1: Called Strike
2-2: Ground out 6-3 (Groundball, 6, EV 96.2 MPH)
Top of the 8th over - 5 runs, 6 hits, 0 errors, 2 left on base; Kingsport 7 - San Francisco (APP) 8
BOTTOM OF THE 8TH
San Francisco (APP) Giants batting - Pitching for Kingsport Mets : LHP Tony Diaz
Pitching: RHP Gabe Kelso
Batting: RHB Dinand Brouwer 0-0: Called Strike
0-1: Called Strike
0-2: Fly out, F8 (Line Drive, 8LD, EV 90.6 MPH)
Batting: LHB Steve Nevis 0-0: Swinging Strike
0-1: Ground out 5-3 (Groundball, 5L, EV 79.4 MPH)
Batting: RHB Pedro Quezada 0-0: Ball
1-0: Called Strike
1-1: Called Strike
1-2: Strikes out swinging
Bottom of the 8th over - 0 runs, 0 hits, 0 errors, 0 left on base; Kingsport 7 - San Francisco (APP) 8
TOP OF THE 9TH
Kingsport Mets batting - Pitching for San Francisco (APP) Giants : LHP Gil Longoria
Pitching: RHP Filip Nebylitsin
Batting: RHB Kyle Holland 0-0: Ball
1-0: Foul Ball, location: 2F
1-1: SINGLE (Line Drive, 8LS, EV 104.4 MPH)
Batting: SHB Jason Evans 0-0: Ball
1-0: Called Strike
1-1: Ball
2-1: Ball
3-1: Foul Ball, location: 2F
3-2: Base on Balls
Kyle Holland to second
Batting: RHB Jerry Burch 0-0: Called Strike
0-1: Ball
1-1: Foul Ball, location: 2F
1-2: Fly out, F8 (Flyball, 8RXD, EV 95.6 MPH)
Runner from 2nd tags up, SAFE at 3rd, no throw by CF
Batting: RHB Coltin Nellis 0-0: Squeeze Bunt to 13S - play home, runner scores, batter safe!
Kyle Holland scores
Jason Evans to second
Batting: RHB Danny Runberg 0-0: Ball
1-0: Called Strike
1-1: Called Strike
1-2: Ball
2-2: Strikes out swinging
Batting: RHB Frank Shaw 0-0: Called Strike
0-1: Called Strike
0-2: Strikes out swinging
Top of the 9th over - 1 run, 1 hit, 0 errors, 2 left on base; Kingsport 8 - San Francisco (APP) 8
BOTTOM OF THE 9TH
San Francisco (APP) Giants batting - Pitching for Kingsport Mets : RHP Gabe Kelso
Batting: RHB Alexis Andrade 0-0: Called Strike
0-1: Called Strike
0-2: Strikes out swinging, 2-3 out at first.
Batting: RHB Bob Schweiger 0-0: Ball
1-0: Called Strike
1-1: Fly out, F9 (Flyball, 89M, EV 83.8 MPH)
Batting: SHB David Barona 0-0: Ball
1-0: Ball
2-0: Called Strike
2-1: Ball
3-1: Single, Error in OF, E7, batter to second base (Line Drive, 7LS, EV 96.2 MPH)
Batting: RHB Frank Pena 0-0: Intentional Walk
Pitching: RHP Danny Helm
Batting: RHB David Andrews 0-0: Swinging Strike
0-1: Ball
1-1: Swinging Strike
1-2: Strikes out swinging
Bottom of the 9th over - 0 runs, 1 hit, 1 error, 2 left on base; Kingsport 8 - San Francisco (APP) 8
TOP OF THE 10TH
Kingsport Mets batting - Pitching for San Francisco (APP) Giants : RHP Filip Nebylitsin
Pitching: RHP Chance Robinson
Batting: RHB Josh Jones 0-0: Called Strike
0-1: Ball
1-1: Foul Ball, location: 2F
1-2: Foul Ball, location: 2F
1-2: Ball
2-2: Ground out 5-3 (Groundball, 56S, EV 81.9 MPH)
Batting: SHB Alec Taylor 0-0: Ball
1-0: Ball
2-0: Ball
3-0: Base on Balls
Batting: RHB Steve Page 0-0: Ball
1-0: Foul Ball, location: 2F
1-1: Ball
2-1: Ball
3-1: Base on Balls
Alec Taylor to second
Batting: RHB Kyle Holland 0-0: Called Strike
Alec Taylor steals 3rd base
0-1: Foul Ball, location: 2F
0-2: Ball
1-2: Ball
2-2: Foul Ball, location: 2F
2-2: SINGLE (Groundball, 56, EV 98.1 MPH)
Alec Taylor scores
Steve Page to second
Pitching: RHP Nick McDade
Batting: SHB Jason Evans 0-0: Reached on error, E1 (Groundball, 23, EV 73.8 MPH)
Steve Page to third
Kyle Holland to second
Batting: RHB Jerry Burch 0-0: Called Strike
0-1: Fly out, F8 (Flyball, 8RXD, EV 90.0 MPH)
Runner from 3rd tags up, SCORES, no throw by CF
Kyle Holland to third
Batting: RHB Coltin Nellis 0-0: Ball
1-0: Ball
2-0: Ball
3-0: Called Strike
3-1: Base on Balls
Jason Evans to second
Batting: RHB Danny Runberg 0-0: Ball
1-0: Foul Ball, location: 2F
1-1: Ball
2-1: Fly out, F8 (Flyball, 8LM, EV 78.8 MPH)
Top of the 10th over - 2 runs, 1 hit, 1 error, 3 left on base; Kingsport 10 - San Francisco (APP) 8
BOTTOM OF THE 10TH
San Francisco (APP) Giants batting - Pitching for Kingsport Mets : RHP Danny Helm
Batting: RHB Edwin Verdugo 0-0: Ball
1-0: Swinging Strike
1-1: Foul Ball, location: 2F
1-2: Strikes out swinging
Batting: RHB Dinand Brouwer 0-0: Called Strike
0-1: Foul Ball, location: 2F
0-2: Strikes out swinging
Batting: LHB Steve Nevis 0-0: Ball
1-0: Ball
2-0: Ball
3-0: Called Strike
3-1: Called Strike
3-2: Foul Ball, location: 2F
3-2: Foul Ball, location: 2F
3-2: Base on Balls
Batting: RHB Pedro Quezada 0-0: SINGLE (Groundball, 56D, EV 95.6 MPH)
Steve Nevis to second
Batting: RHB Alexis Andrade 0-0: Called Strike
0-1: Fielders Choice at 2nd, 5-4 (Groundball, 5L, EV 101.2 MPH)
Bottom of the 10th over - 0 runs, 1 hit, 0 errors, 2 left on base; Kingsport 10 - San Francisco (APP) 8
Thursday, March 31st , 2022 - OOTP Baseball 22.12 Build 89